AoeStats
← addonion123

Black Forest

508180087Analyzed
4v4 RM · 11d ago on Sep 21, 2026· 49m 17s· 8 players
Game mode
Random Map
Map size
Large (8 player)
Population
200
Speed
Normal
Resources
Standard
Victory
Conquest
Starting age
Dark Age
Ending age
Imperial Age
RankedLock teamsTeams togetherTeam positionsShared explorationLock speedFull tech treeHidden civsTurbo modeCheats
Victory
Defeat
🇭🇰 Mongols · Hong Kong SAR China
1076
+11
🇦🇺 Italians · Australia
1049
+12
🇨🇳 Spanish · China
1038
+21
🇨🇳 Hindustanis · China
1023
+13
🇹🇼 Britons · Taiwan
1007
-15
🇹🇼 Mongols · Taiwan
961
-12
🇹🇼 Maya · Taiwan
954
-12
🇹🇼 Goths · Taiwan
942
-11
xgxgyyjk
9:39 Loom
12:00 Feudal Age
13:03 Double-Bit Axe
15:56 Castle Age
14:02 Horse Collar
18:57 Stone Mining
18:57 Gold Mining
22:08 Bow Saw
24:55 Heavy Plow
28:47 Wheelbarrow
29:19 Fletching
29:30 Padded Archer Armor
29:38 Scale Barding Armor
29:43 Forging
33:06 Imperial Age
30:52 Hand Cart
30:23 Town Watch
31:03 Ballistics
30:39 Murder Holes
30:55 Masonry
30:58 Thumb Ring
30:59 Squires
30:46 Arson
31:00 Bodkin Arrow
31:20 Leather Archer Armor
31:33 Grand Trunk Road
32:33 Gold Shaft Mining
32:33 Stone Shaft Mining
32:33 Herbal Medicine
33:45 Chain Barding Armor
34:01 Iron Casting
32:51 Elite Skirmisher
33:35 Town Patrol
34:46 Chemistry
33:51 Shatagni
34:13 Conscription
34:32 Hoardings
34:24 Bracer
34:55 Ring Archer Armor
36:07 Plate Barding Armor
37:56 Siege Engineers
40:02 Heavy Camel Rider
40:43 Husbandry
40:54 Bloodlines
43:35 Imperial Camel Rider
43:37 Light Cavalry
45:23 Blast Furnace
44:24 Scale Mail Armor
addonion123
10:13 Feudal Age
10:02 Loom
16:56 Castle Age
15:24 Double-Bit Axe
15:21 Horse Collar
20:50 Bow Saw
21:51 Wheelbarrow
24:03 Heavy Plow
24:31 Stone Mining
24:33 Gold Mining
26:48 Town Watch
27:27 Hand Cart
30:05 Imperial Age
28:18 Scale Barding Armor
28:24 Forging
28:47 Ballistics
30:19 Chain Barding Armor
30:35 Iron Casting
30:15 Bloodlines
30:06 Husbandry
31:07 Siege Engineers
31:11 Fletching
30:43 Light Cavalry
32:16 Hussar
33:45 Onager
36:15 Blast Furnace
36:18 Chemistry
35:54 Bodkin Arrow
36:39 Siege Onager
38:53 Drill
39:03 Conscription
39:46 Town Patrol
40:23 Gold Shaft Mining
40:27 Stone Shaft Mining
41:43 Masonry
41:45 Fortified Wall
43:10 Murder Holes
44:08 Bracer
仲河
5:21 Loom
13:47 Feudal Age
16:03 Double-Bit Axe
16:25 Horse Collar
22:09 Castle Age
24:09 Stone Mining
24:09 Gold Mining
24:59 Bow Saw
25:59 Gold Mining
29:44 Wheelbarrow
29:40 Forging
29:33 Padded Archer Armor
29:23 Fletching
31:56 Stone Shaft Mining
34:18 Imperial Age
35:27 Hand Cart
36:28 Chemistry
35:58 Caravan
37:06 Elite Conquistador
39:18 Ballistics
39:00 Bodkin Arrow
39:20 Leather Archer Armor
41:44 Town Watch
42:35 Ring Archer Armor
42:06 Bracer
42:42 Iron Casting
46:41 Blast Furnace
45:47 Scale Barding Armor
Temporal Anomaly
0:51 Loom
12:56 Feudal Age
15:22 Double-Bit Axe
15:37 Horse Collar
18:02 Castle Age
19:19 Bow Saw
20:39 Heavy Plow
24:20 Town Watch
25:42 Wheelbarrow
25:28 Gold Mining
28:17 Fletching
29:56 Hand Cart
32:38 Imperial Age
30:25 Padded Archer Armor
31:02 Hand Cart
31:55 Bodkin Arrow
32:25 Ballistics
33:32 Leather Archer Armor
33:33 Masonry
34:27 Chemistry
34:37 Silk Road
34:46 Elite Genoese Crossbowman
35:30 Bracer
39:27 Caravan
41:50 Conscription
43:38 Ring Archer Armor
43:21 Masonry
49:09 Scale Mail Armor
49:21 Forging
神崎ももち
12:42 Feudal Age
13:15 Loom
13:18 Horse Collar
13:29 Double-Bit Axe
16:33 Wheelbarrow
20:41 Castle Age
22:29 Hand Cart
22:28 Fletching
22:45 Padded Archer Armor
22:53 Stone Mining
26:28 Bodkin Arrow
26:49 Leather Archer Armor
27:29 Ballistics
33:47 Imperial Age
32:56 Treadmill Crane
34:53 Gold Mining
36:16 Ring Archer Armor
37:56 Yeomen
45:46 Elite Longbowman
DontCry
9:17 Loom
12:21 Feudal Age
13:17 Double-Bit Axe
14:42 Horse Collar
17:18 Castle Age
16:41 Horse Collar
17:39 Wheelbarrow
18:39 Bow Saw
20:36 Wheelbarrow
20:04 Heavy Plow
21:30 Gold Mining
27:37 Hand Cart
27:37 Caravan
30:31 Imperial Age
29:25 Stone Mining
32:08 Crop Rotation
32:57 Two-Man Saw
33:38 Chemistry
33:36 Conscription
33:44 Ballistics
34:10 Perfusion
35:02 Stone Shaft Mining
34:16 Town Watch
35:26 Town Patrol
35:10 Elite Huskarl
37:05 Squires
36:33 Pikeman
37:40 Masonry
38:13 Anarchy
43:29 Forging
43:20 Scale Mail Armor
43:57 Architecture
45:22 Iron Casting
46:11 Chain Mail Armor
45:31 Halberdier
45:33 Man-at-Arms
sorrow
15:14 Feudal Age
19:25 Castle Age
17:32 Double-Bit Axe
18:55 Horse Collar
19:14 Stone Mining
21:19 Bow Saw
28:59 Masonry
31:02 Murder Holes
31:24 Fortified Wall
31:58 Heavy Plow
32:49 Wheelbarrow
33:28 Padded Archer Armor
33:21 Fletching
34:30 Hul'che Javelineers
35:12 Gold Mining
39:38 Imperial Age
37:24 Hand Cart
37:25 Eagle Warrior
41:12 Bodkin Arrow
41:32 Leather Archer Armor
41:28 Forging
41:18 Scale Mail Armor
40:42 Elite Skirmisher
44:22 Iron Casting
44:01 Elite Plumed Archer
45:03 Conscription
45:35 Elite Eagle Warrior
Gaster
1:31 Loom
14:53 Feudal Age
15:40 Horse Collar
20:44 Wheelbarrow
21:29 Fletching
23:46 Castle Age
22:22 Double-Bit Axe
26:28 Bow Saw
27:30 Stone Mining
27:31 Gold Mining
28:37 Heavy Plow
28:55 Hand Cart
28:54 Bodkin Arrow
31:01 Stone Shaft Mining
31:03 Gold Shaft Mining
31:41 Bodkin Arrow
32:44 Padded Archer Armor
33:49 Ballistics
33:44 Masonry
36:34 Imperial Age
34:37 Caravan
35:32 Murder Holes
35:49 Fortified Wall
35:53 Nomads
37:47 Leather Archer Armor
37:36 Bracer
38:40 Chemistry
38:42 Husbandry
38:53 Bloodlines
39:15 Conscription
39:41 Town Watch
39:33 Elite Mangudai
41:01 Hoardings
44:03 Parthian Tactics
43:44 Thumb Ring
44:09 Parthian Tactics
Connection lost

Rejoining the realm…

Still unreachable

The connection could not be restored.

Session expired

The server has moved on; the page needs a fresh start.